[ AOE2 MATCH · #479762477 ]
UnrankedSlavs vs Cumans
[ REPLAY ANALYSIS · EXTRACTED FROM THE RECORDED GAME ]
Feudal
11:17
Castle
17:46
Imperial
—
| APM avg | 47.3 |
| APM peak | 89 |
| eAPM avg | 26.0 |
| Villagers / military | 120 / 22 |
Focus
⚔️ 35.7% · 🌾 64.3%
Knight ×21 · Scout Cavalry ×1
Feudal
12:14
Castle
21:10
Imperial
—
| APM avg | 32.5 |
| APM peak | 72 |
| eAPM avg | 19.0 |
| Villagers / military | 89 / 10 |
Focus
⚔️ 29.5% · 🌾 70.5%
Mangonel ×10
Feudal
12:31
Castle
21:30
Imperial
—
| APM avg | 60.0 |
| APM peak | 100 |
| eAPM avg | 22.1 |
| Villagers / military | 59 / 56 |
Focus
⚔️ 27.7% · 🌾 72.3%
Archer ×55 · Spearman ×1
Feudal
12:33
Castle
16:26
Imperial
28:34
| APM avg | 49.0 |
| APM peak | 126 |
| eAPM avg | 28.5 |
| Villagers / military | 111 / 0 |
Focus
⚔️ 22.4% · 🌾 77.6%
Unknown (882) ×50
Feudal
12:56
Castle
16:37
Imperial
—
| APM avg | 41.2 |
| APM peak | 65 |
| eAPM avg | 25.6 |
| Villagers / military | 99 / 25 |
Focus
⚔️ 28.6% · 🌾 71.4%
Hussite Wagon ×25
Feudal
12:39
Castle
18:22
Imperial
—
| APM avg | 41.8 |
| APM peak | 123 |
| eAPM avg | 27.0 |
| Villagers / military | 63 / 35 |
Focus
⚔️ 68.7% · 🌾 31.3%
Archer ×29 · Skirmisher ×6
Feudal
11:52
Castle
23:42
Imperial
—
| APM avg | 38.0 |
| APM peak | 87 |
| eAPM avg | 13.9 |
| Villagers / military | 77 / 31 |
Focus
⚔️ 27.5% · 🌾 72.5%
Knight ×19 · Scout Cavalry ×7 · War Wagon ×4 · Spearman ×1
Feudal
13:10
Castle
17:05
Imperial
—
| APM avg | 66.7 |
| APM peak | 138 |
| eAPM avg | 36.4 |
| Villagers / military | 84 / 51 |
Focus
⚔️ 37.2% · 🌾 62.8%
Kamayuk ×47 · Mangonel ×4
Match map
Initial resources + every placement click. Lines = walls · curves = elevation contours. ◆ gold · ⬟ stone · ● berries · ✦ relic · ◌ wall gap
Your base· Open — unwalled flank
watoncito's base· Open — 7t gap
Kant be real's base· Open — 9t gap
[CL] Sebag's base· Open — 8t gap
[SotC] Frank Castle's base· Open — unwalled flank
__72_KaN_Arg's base· Open — unwalled flank
Sekov's base· Open — 7t gap
[CL] Inkisidor_'s base· Open — unwalled flank
Smoothed initial terrain · ◌ = detected wall gap · hover for details
Inputs per minute
— MrLokura - - watoncito
Build order — MrLokura
First 150 of 268 actions detected
| 0:10 | Build | Lumber Camp |
| 0:15 | Build | Town Center |
| 1:16 | Build | House |
| 2:22 | Create | Villager (Male) |
| 2:22 | Create | Villager (Male) |
| 2:22 | Create | Villager (Male) |
| 2:23 | Create | Villager (Male) |
| 2:23 | Create | Villager (Male) |
| 2:23 | Create | Villager (Male) |
| 3:26 | Create | Villager (Male) |
| 3:44 | Build | House |
| 4:01 | Create | Villager (Male) |
| 4:01 | Create | Villager (Male) |
| 4:30 | Create | Villager (Male) |
| 4:30 | Create | Villager (Male) |
| 4:49 | Create | Villager (Male) |
| 4:50 | Create | Villager (Male) |
| 5:11 | Create | Villager (Male) |
| 5:11 | Create | Villager (Male) |
| 5:26 | Build | House |
| 5:37 | Build | House |
| 6:03 | Create | Villager (Male) |
| 6:03 | Create | Villager (Male) |
| 6:04 | Create | Villager (Male) |
| 6:04 | Create | Villager (Male) |
| 6:08 | Build | House |
| 7:13 | Build | Mill |
| 7:20 | Build | House |
| 7:27 | Create | Villager (Male) |
| 7:28 | Create | Villager (Male) |
| 7:28 | Create | Villager (Male) |
| 7:33 | Build | House |
| 7:47 | Create | Villager (Male) |
| 7:48 | Create | Villager (Male) |
| 8:11 | Create | Villager (Male) |
| 8:52 | Research | Feudal Age |
| 8:52 | Research | Feudal Age |
| 9:24 | Build | House |
| 9:37 | Build | House |
| 9:43 | Build | House |
| 9:51 | Create | Villager (Male) |
| 9:54 | Build | Lumber Camp |
| 9:58 | Build | Palisade Wall |
| 10:12 | Create | Villager (Male) |
| 10:29 | Build | House |
| 11:13 | Build | House |
| 11:17 | Age | Feudal Age |
| 11:19 | Create | Villager (Male) |
| 11:28 | Build | Barracks |
| 11:46 | Build | House |
| 11:53 | Build | House |
| 11:58 | Build | House |
| 12:01 | Create | Villager (Male) |
| 12:01 | Create | Villager (Male) |
| 12:08 | Build | House |
| 12:28 | Build | Stable |
| 12:51 | Build | Mining Camp |
| 13:17 | Create | Villager (Male) |
| 13:19 | Create | Scout Cavalry |
| 13:37 | Create | Villager (Male) |
| 13:47 | Build | Blacksmith |
| 14:09 | Create | Villager (Male) |
| 14:14 | Create | Villager (Male) |
| 15:06 | Research | Castle Age |
| 15:06 | Research | Castle Age |
| 15:13 | Build | Palisade Wall |
| 15:16 | Build | Palisade Wall |
| 15:17 | Build | Palisade Wall |
| 15:20 | Build | Palisade Wall |
| 15:22 | Build | Palisade Wall |
| 16:18 | Build | Palisade Wall |
| 16:19 | Build | Palisade Wall |
| 16:22 | Build | Palisade Wall |
| 16:23 | Build | Palisade Wall |
| 16:26 | Research | Loom |
| 16:57 | Create | Villager (Male) |
| 17:22 | Create | Villager (Male) |
| 17:46 | Age | Castle Age |
| 17:50 | Build | Town Center |
| 17:50 | Create | Villager (Male) |
| 17:58 | Build | Town Center |
| 18:00 | Create | Villager (Male) |
| 18:02 | Research | Double-Bit Axe |
| 18:03 | Research | Horse Collar |
| 18:05 | Create | Villager (Male) |
| 18:07 | Build | Farm |
| 18:13 | Create | Villager (Male) |
| 18:17 | Create | Knight |
| 18:19 | Create | Villager (Male) |
| 18:23 | Create | Villager (Male) |
| 18:39 | Build | Mill |
| 18:42 | Create | Villager (Male) |
| 18:47 | Research | Scale Barding Armor |
| 19:02 | Create | Villager (Male) |
| 19:03 | Create | Knight |
| 19:10 | Create | Villager (Male) |
| 19:13 | Create | Villager (Male) |
| 19:24 | Create | Villager (Male) |
| 19:25 | Create | Villager (Male) |
| 19:36 | Research | Wheelbarrow |
| 19:37 | Create | Villager (Male) |
| 19:38 | Create | Villager (Male) |
| 19:42 | Build | Farm |
| 19:43 | Create | Villager (Male) |
| 19:45 | Create | Knight |
| 20:03 | Create | Knight |
| 20:04 | Create | Villager (Male) |
| 20:13 | Create | Villager (Male) |
| 20:14 | Create | Knight |
| 20:18 | Research | Forging |
| 20:18 | Research | Forging |
| 20:19 | Research | Forging |
| 20:20 | Create | Villager (Male) |
| 20:24 | Build | Farm |
| 20:25 | Create | Villager (Male) |
| 20:41 | Create | Villager (Male) |
| 20:57 | Build | Lumber Camp |
| 20:57 | Create | Villager (Male) |
| 21:06 | Create | Villager (Male) |
| 21:14 | Build | House |
| 21:52 | Create | Knight |
| 21:54 | Create | Villager (Male) |
| 21:59 | Create | Villager (Male) |
| 22:03 | Create | Villager (Male) |
| 22:07 | Create | Knight |
| 22:08 | Create | Villager (Male) |
| 22:09 | Build | House |
| 22:11 | Build | House |
| 22:14 | Build | Farm |
| 22:20 | Create | Villager (Male) |
| 22:22 | Build | House |
| 22:24 | Build | Farm |
| 22:25 | Create | Villager (Male) |
| 22:26 | Build | Farm |
| 22:27 | Create | Villager (Male) |
| 23:06 | Create | Villager (Male) |
| 23:09 | Create | Villager (Male) |
| 23:10 | Create | Villager (Male) |
| 23:17 | Build | Lumber Camp |
| 23:24 | Create | Villager (Male) |
| 23:25 | Create | Knight |
| 23:29 | Build | House |
| 23:34 | Research | Chain Barding Armor |
| 23:34 | Research | Chain Barding Armor |
| 23:35 | Create | Villager (Male) |
| 23:47 | Build | Stable |
| 23:55 | Create | Villager (Male) |
| 23:56 | Build | House |
| 23:59 | Create | Villager (Male) |
| 24:03 | Build | Farm |
Build order — watoncito
First 150 of 152 actions detected
| 0:07 | Build | Town Center |
| 0:21 | Build | House |
| 2:22 | Create | Villager (Male) ×4 |
| 2:23 | Create | Villager (Male) ×4 |
| 2:23 | Create | Villager (Male) ×4 |
| 3:23 | Create | Villager (Male) |
| 3:23 | Create | Villager (Male) |
| 3:39 | Build | Palisade Wall |
| 3:43 | Build | Palisade Wall |
| 4:05 | Create | Villager (Male) |
| 4:05 | Create | Villager (Male) |
| 4:07 | Build | House |
| 4:18 | Create | Villager (Male) |
| 4:42 | Create | Villager (Male) |
| 4:42 | Create | Villager (Male) |
| 4:52 | Build | Palisade Wall |
| 5:06 | Build | House |
| 5:19 | Build | Palisade Wall |
| 5:23 | Build | Palisade Wall |
| 5:27 | Create | Villager (Male) |
| 5:44 | Create | Villager (Male) |
| 5:54 | Build | Palisade Wall |
| 5:58 | Build | Palisade Wall |
| 6:23 | Create | Villager (Male) |
| 6:23 | Create | Villager (Male) |
| 6:23 | Create | Villager (Male) |
| 6:41 | Create | Villager (Male) |
| 7:07 | Build | Lumber Camp |
| 7:35 | Create | Villager (Male) |
| 7:42 | Build | Palisade Wall |
| 8:21 | Build | House |
| 8:32 | Build | House |
| 8:39 | Create | Villager (Male) |
| 8:57 | Research | Loom |
| 9:29 | Create | Villager (Male) |
| 9:31 | Create | Villager (Male) |
| 9:34 | Build | Mill |
| 10:04 | Research | Feudal Age |
| 10:05 | Research | Feudal Age |
| 12:14 | Create | Villager (Male) |
| 12:14 | Create | Villager (Male) |
| 12:14 | Age | Feudal Age |
| 12:17 | Build | Town Center |
| 12:19 | Research | Double-Bit Axe |
| 12:19 | Research | Double-Bit Axe |
| 13:02 | Create | Villager (Male) |
| 13:21 | Create | Villager (Male) |
| 13:21 | Create | Villager (Male) |
| 13:32 | Create | Villager (Male) |
| 13:33 | Create | Villager (Male) |
| 13:33 | Create | Villager (Male) |
| 13:54 | Create | Villager (Male) |
| 14:06 | Build | House |
| 14:08 | Build | House |
| 14:15 | Research | Horse Collar |
| 14:37 | Create | Villager (Male) |
| 14:37 | Create | Villager (Male) |
| 14:39 | Build | House |
| 14:52 | Build | Farm |
| 14:53 | Build | Farm |
| 14:59 | Build | Farm |
| 15:02 | Create | Villager (Male) |
| 15:02 | Create | Villager (Male) |
| 15:02 | Create | Villager (Male) |
| 15:02 | Create | Villager (Male) |
| 15:04 | Build | Farm |
| 15:18 | Create | Villager (Male) |
| 15:18 | Create | Villager (Male) |
| 15:22 | Build | House |
| 15:24 | Build | House |
| 15:36 | Build | Farm |
| 15:39 | Build | Farm |
| 15:42 | Build | Farm |
| 15:46 | Create | Villager (Male) |
| 15:46 | Create | Villager (Male) |
| 16:10 | Build | Market |
| 16:16 | Build | Palisade Wall |
| 16:23 | Create | Villager (Male) |
| 16:23 | Create | Villager (Male) |
| 16:27 | Build | Blacksmith |
| 16:29 | Build | House |
| 16:37 | Build | Palisade Wall |
| 16:57 | Build | Mining Camp |
| 17:00 | Create | Villager (Male) |
| 17:01 | Create | Villager (Male) |
| 17:05 | Build | Farm |
| 17:24 | Create | Villager (Male) |
| 17:24 | Create | Villager (Male) |
| 17:37 | Build | Farm |
| 17:38 | Build | Farm |
| 17:39 | Build | Farm |
| 17:40 | Build | Farm |
| 17:42 | Create | Villager (Male) |
| 17:42 | Create | Villager (Male) |
| 17:45 | Build | Outpost |
| 17:46 | Build | Outpost |
| 17:59 | Build | Mining Camp |
| 18:08 | Build | Mining Camp |
| 18:27 | Research | Castle Age |
| 18:30 | Create | Villager (Male) |
| 18:41 | Create | Villager (Male) |
| 18:41 | Create | Villager (Male) |
| 18:57 | Build | Siege Workshop |
| 19:13 | Create | Villager (Male) |
| 19:13 | Create | Villager (Male) |
| 19:30 | Build | Siege Workshop |
| 19:36 | Build | House |
| 19:38 | Build | House |
| 19:40 | Build | Palisade Wall |
| 20:14 | Create | Villager (Male) |
| 20:15 | Create | Villager (Male) |
| 20:44 | Create | Villager (Male) |
| 20:45 | Create | Villager (Male) |
| 21:10 | Age | Castle Age |
| 21:12 | Create | Mangonel |
| 21:13 | Create | Mangonel |
| 21:16 | Create | Villager (Male) |
| 21:16 | Create | Villager (Male) |
| 21:58 | Create | Villager (Male) |
| 21:58 | Create | Villager (Male) |
| 22:08 | Build | Town Center |
| 22:13 | Create | Mangonel |
| 22:49 | Create | Villager (Male) |
| 22:49 | Create | Villager (Male) |
| 23:21 | Create | Villager (Male) |
| 23:21 | Create | Villager (Male) |
| 23:38 | Build | Town Center |
| 23:46 | Create | Villager (Male) |
| 23:46 | Create | Villager (Male) |
| 23:46 | Create | Villager (Male) |
| 23:58 | Build | Lumber Camp |
| 24:15 | Create | Villager (Male) |
| 24:16 | Create | Villager (Male) |
| 24:21 | Create | Mangonel |
| 24:21 | Create | Mangonel |
| 24:45 | Create | Mangonel |
| 24:45 | Create | Mangonel |
| 24:50 | Create | Villager (Male) |
| 24:50 | Create | Villager (Male) |
| 25:26 | Create | Villager (Male) |
| 25:26 | Create | Villager (Male) |
| 25:52 | Create | Villager (Male) |
| 26:08 | Create | Villager (Male) |
| 26:08 | Create | Villager (Male) |
| 26:45 | Create | Mangonel |
| 26:59 | Create | Villager (Male) |
| 26:59 | Create | Villager (Male) |
| 27:20 | Create | Mangonel |
| 27:20 | Create | Mangonel |
| 27:43 | Create | Villager (Male) |
Build order — Kant be real
First 150 of 196 actions detected
| 0:27 | Build | Town Center |
| 1:14 | Build | Palisade Wall |
| 1:18 | Build | Palisade Wall |
| 1:19 | Build | Palisade Wall |
| 1:20 | Build | Palisade Wall |
| 2:33 | Create | Villager (Male) |
| 2:33 | Create | Villager (Male) |
| 2:33 | Create | Villager (Male) |
| 2:34 | Create | Villager (Male) |
| 3:02 | Research | Loom |
| 3:08 | Build | House |
| 3:12 | Research | Loom |
| 3:32 | Create | Villager (Male) |
| 3:33 | Create | Villager (Male) |
| 3:33 | Create | Villager (Male) |
| 3:57 | Create | Villager (Male) |
| 4:43 | Create | Villager (Male) |
| 4:44 | Build | House |
| 4:48 | Build | House |
| 5:13 | Create | Villager (Male) |
| 5:28 | Build | Lumber Camp |
| 5:37 | Create | Villager (Male) |
| 6:01 | Create | Villager (Male) |
| 6:23 | Create | Villager (Male) |
| 6:37 | Build | House |
| 6:43 | Create | Villager (Male) |
| 6:46 | Create | Villager (Male) |
| 7:06 | Build | Palisade Wall |
| 7:15 | Build | Palisade Wall |
| 7:43 | Create | Villager (Male) |
| 7:50 | Build | Mill |
| 7:59 | Create | Villager (Male) |
| 8:32 | Create | Villager (Male) |
| 9:02 | Build | House |
| 9:05 | Create | Villager (Male) |
| 9:19 | Create | Villager (Male) |
| 9:35 | Build | Palisade Wall |
| 9:56 | Create | Villager (Male) |
| 10:01 | Build | Mining Camp |
| 10:05 | Research | Feudal Age |
| 10:11 | Build | Palisade Wall |
| 10:53 | Build | Barracks |
| 10:57 | Build | Barracks |
| 12:08 | Create | Villager (Male) |
| 12:31 | Age | Feudal Age |
| 12:32 | Build | Archery Range |
| 12:38 | Build | Blacksmith |
| 12:45 | Research | Double-Bit Axe |
| 12:48 | Create | Villager (Male) |
| 13:19 | Create | Villager (Male) |
| 13:22 | Research | Fletching |
| 13:29 | Build | Mill |
| 13:35 | Create | Archer |
| 13:35 | Create | Archer |
| 13:35 | Create | Archer |
| 13:44 | Create | Villager (Male) |
| 13:51 | Create | Archer |
| 14:06 | Create | Villager (Male) |
| 14:27 | Build | Archery Range |
| 14:41 | Create | Archer |
| 15:01 | Create | Villager (Male) |
| 15:14 | Create | Archer |
| 15:17 | Create | Archer |
| 15:18 | Create | Archer |
| 15:43 | Create | Archer |
| 15:43 | Create | Archer |
| 15:55 | Create | Spearman |
| 16:08 | Create | Villager (Male) |
| 16:18 | Create | Archer |
| 16:20 | Create | Villager (Male) |
| 16:25 | Build | Market |
| 16:46 | Create | Villager (Male) |
| 16:51 | Build | Mining Camp |
| 17:17 | Create | Archer |
| 17:17 | Create | Archer |
| 17:22 | Create | Villager (Male) |
| 17:26 | Build | House |
| 17:27 | Build | House |
| 17:35 | Create | Villager (Male) |
| 17:56 | Build | Farm |
| 17:57 | Build | Farm |
| 17:57 | Build | Farm |
| 18:44 | Create | Villager (Male) |
| 18:47 | Build | Farm |
| 18:50 | Research | Castle Age |
| 18:52 | Create | Archer |
| 18:52 | Create | Archer |
| 18:52 | Create | Archer |
| 19:06 | Build | Farm |
| 19:10 | Research | Horse Collar |
| 19:40 | Create | Archer |
| 19:40 | Create | Archer |
| 20:13 | Create | Archer |
| 20:54 | Build | House |
| 20:59 | Build | Gate |
| 21:03 | Build | Stone Wall |
| 21:16 | Build | Stone Wall |
| 21:24 | Create | Archer |
| 21:26 | Build | Archery Range |
| 21:30 | Age | Castle Age |
| 21:33 | Research | Crossbowman (upgrade) |
| 21:34 | Research | Bodkin Arrow |
| 21:39 | Research | Bodkin Arrow |
| 21:50 | Build | University |
| 22:02 | Build | Stone Wall |
| 22:22 | Create | Villager (Male) |
| 22:29 | Create | Archer |
| 22:30 | Create | Archer |
| 22:43 | Build | Watch Tower |
| 22:51 | Create | Archer |
| 22:52 | Create | Archer |
| 22:52 | Create | Archer |
| 23:07 | Research | Ballistics |
| 23:07 | Research | Ballistics |
| 23:44 | Create | Archer |
| 23:44 | Create | Archer |
| 23:54 | Create | Villager (Male) |
| 23:54 | Create | Villager (Male) |
| 23:56 | Create | Archer |
| 23:56 | Create | Archer |
| 24:04 | Create | Archer |
| 24:04 | Create | Archer |
| 24:04 | Create | Archer |
| 24:04 | Create | Archer |
| 25:00 | Create | Archer |
| 25:01 | Create | Archer |
| 25:14 | Create | Archer |
| 25:14 | Create | Archer |
| 25:14 | Create | Archer |
| 25:15 | Create | Villager (Male) |
| 25:15 | Create | Villager (Male) |
| 25:29 | Build | House |
| 25:32 | Build | House |
| 25:42 | Create | Archer |
| 25:42 | Create | Archer |
| 25:52 | Research | Padded Archer Armor |
| 26:33 | Create | Villager (Male) |
| 26:33 | Create | Villager (Male) |
| 26:37 | Create | Archer |
| 26:37 | Create | Archer |
| 26:41 | Create | Archer |
| 26:41 | Create | Archer |
| 26:41 | Create | Archer |
| 27:08 | Create | Villager (Male) |
| 27:08 | Create | Villager (Male) |
| 27:10 | Build | Farm |
| 27:14 | Create | Archer |
| 27:14 | Create | Archer |
| 27:14 | Create | Archer |
| 27:24 | Build | Town Center |
Build order — [CL] Sebag
First 150 of 287 actions detected
| 0:21 | Build | Town Center |
| 2:48 | Build | House |
| 2:52 | Create | Villager (Male) |
| 2:52 | Create | Villager (Male) |
| 2:52 | Create | Villager (Male) |
| 2:52 | Create | Villager (Male) |
| 3:46 | Create | Villager (Male) |
| 3:46 | Create | Villager (Male) |
| 4:35 | Create | Villager (Male) |
| 4:36 | Create | Villager (Male) |
| 4:49 | Create | Villager (Male) |
| 4:49 | Create | Villager (Male) |
| 4:54 | Build | House |
| 5:01 | Build | Lumber Camp |
| 5:03 | Create | Villager (Male) |
| 5:03 | Create | Villager (Male) |
| 5:34 | Create | Villager (Male) |
| 5:34 | Create | Villager (Male) |
| 5:47 | Create | Villager (Male) |
| 5:47 | Create | Villager (Male) |
| 6:14 | Build | House |
| 6:22 | Create | Villager (Male) |
| 6:22 | Create | Villager (Male) |
| 6:39 | Create | Villager (Male) |
| 6:39 | Create | Villager (Male) |
| 7:07 | Build | House |
| 7:09 | Create | Villager (Male) |
| 7:10 | Create | Villager (Male) |
| 7:26 | Create | Villager (Male) |
| 8:12 | Build | Mill |
| 8:16 | Create | Villager (Male) |
| 8:16 | Create | Villager (Male) |
| 8:46 | Create | Villager (Male) |
| 8:52 | Build | House |
| 9:23 | Build | House |
| 9:24 | Create | Villager (Male) |
| 9:37 | Build | Mining Camp |
| 9:57 | Research | Loom |
| 10:14 | Research | Feudal Age |
| 10:14 | Research | Feudal Age |
| 11:01 | Build | Palisade Wall |
| 11:03 | Build | Palisade Wall |
| 11:08 | Build | Palisade Wall |
| 12:33 | Age | Feudal Age |
| 12:37 | Build | Blacksmith |
| 12:40 | Build | Market |
| 12:45 | Build | Mining Camp |
| 12:48 | Create | Villager (Male) |
| 12:49 | Create | Villager (Male) |
| 13:00 | Create | Villager (Male) |
| 13:34 | Create | Villager (Male) |
| 13:46 | Research | Castle Age |
| 13:46 | Research | Castle Age |
| 13:54 | Research | Double-Bit Axe |
| 13:55 | Research | Double-Bit Axe |
| 14:38 | Create | Villager (Male) |
| 14:39 | Create | Villager (Male) |
| 15:02 | Build | House |
| 15:04 | Build | House |
| 15:08 | Build | Palisade Wall |
| 16:01 | Create | Villager (Male) |
| 16:26 | Age | Castle Age |
| 16:28 | Create | Villager (Male) |
| 16:29 | Build | Town Center |
| 16:32 | Create | Villager (Male) |
| 16:39 | Build | Town Center |
| 16:56 | Build | Palisade Wall |
| 17:04 | Create | Villager (Male) |
| 17:17 | Research | Bow Saw |
| 17:17 | Research | Bow Saw |
| 17:28 | Create | Villager (Male) |
| 17:35 | Research | Horse Collar |
| 17:36 | Research | Horse Collar |
| 17:57 | Create | Villager (Male) |
| 18:07 | Create | Villager (Male) |
| 18:07 | Create | Villager (Male) |
| 18:13 | Build | House |
| 18:14 | Build | House |
| 18:19 | Build | Farm |
| 18:21 | Create | Villager (Male) |
| 18:22 | Create | Villager (Male) |
| 18:25 | Build | Farm |
| 18:29 | Build | Farm |
| 18:30 | Build | Farm |
| 18:38 | Create | Villager (Male) |
| 18:43 | Build | Lumber Camp |
| 18:59 | Build | Farm |
| 19:01 | Build | Farm |
| 19:03 | Create | Villager (Male) |
| 19:03 | Create | Villager (Male) |
| 19:11 | Build | Farm |
| 19:19 | Build | Farm |
| 19:24 | Create | Villager (Male) |
| 19:24 | Create | Villager (Male) |
| 19:24 | Create | Villager (Male) |
| 19:34 | Create | Villager (Male) |
| 19:34 | Create | Villager (Male) |
| 19:43 | Create | Villager (Male) |
| 19:54 | Create | Villager (Male) |
| 19:54 | Create | Villager (Male) |
| 19:57 | Build | Farm |
| 19:58 | Build | Farm |
| 19:59 | Build | Farm |
| 20:06 | Create | Villager (Male) |
| 20:06 | Create | Villager (Male) |
| 20:07 | Build | Farm |
| 20:09 | Build | Farm |
| 20:11 | Build | Farm |
| 20:12 | Create | Villager (Male) |
| 20:12 | Create | Villager (Male) |
| 20:14 | Build | Farm |
| 20:18 | Create | Villager (Male) |
| 20:35 | Build | Farm |
| 20:38 | Build | Farm |
| 20:48 | Create | Villager (Male) |
| 20:49 | Create | Villager (Male) |
| 20:49 | Create | Villager (Male) |
| 20:51 | Build | Outpost |
| 20:52 | Create | Villager (Male) |
| 20:52 | Create | Villager (Male) |
| 20:55 | Build | Outpost |
| 21:01 | Build | Farm |
| 21:06 | Create | Villager (Male) |
| 21:06 | Create | Villager (Male) |
| 21:10 | Create | Villager (Male) |
| 21:11 | Create | Villager (Male) |
| 21:15 | Create | Villager (Male) |
| 21:15 | Create | Villager (Male) |
| 21:53 | Create | Villager (Male) |
| 21:53 | Create | Villager (Male) |
| 21:53 | Create | Villager (Male) |
| 21:57 | Build | Mining Camp |
| 21:58 | Research | Stone Mining |
| 21:59 | Research | Stone Mining |
| 21:59 | Research | Gold Mining |
| 21:59 | Research | Gold Mining |
| 22:10 | Create | Villager (Male) |
| 22:10 | Create | Villager (Male) |
| 22:10 | Create | Villager (Male) |
| 22:15 | Build | Farm |
| 22:19 | Build | Farm |
| 22:21 | Create | Villager (Male) |
| 22:21 | Create | Villager (Male) |
| 22:21 | Create | Villager (Male) |
| 22:31 | Create | Villager (Male) |
| 22:32 | Create | Villager (Male) |
| 22:35 | Create | Villager (Male) |
| 22:36 | Create | Villager (Male) |
| 22:41 | Create | Villager (Male) |
| 22:45 | Build | Outpost |
Build order — [SotC] Frank Castle
First 150 of 224 actions detected
| 0:14 | Build | Town Center |
| 1:26 | Build | House |
| 2:26 | Create | Villager (Male) |
| 2:26 | Create | Villager (Male) |
| 2:26 | Create | Villager (Male) |
| 2:27 | Create | Villager (Male) |
| 3:46 | Create | Villager (Male) |
| 3:47 | Create | Villager (Male) |
| 4:16 | Create | Villager (Male) |
| 4:25 | Build | House |
| 4:28 | Create | Villager (Male) |
| 4:28 | Create | Villager (Male) |
| 4:30 | Build | House |
| 4:39 | Create | Villager (Male) |
| 4:39 | Create | Villager (Male) |
| 5:12 | Create | Villager (Male) |
| 5:12 | Create | Villager (Male) |
| 5:14 | Build | Lumber Camp |
| 5:46 | Create | Villager (Male) |
| 5:49 | Build | House |
| 6:01 | Create | Villager (Male) |
| 6:18 | Create | Villager (Male) |
| 6:45 | Build | House |
| 6:45 | Build | House |
| 7:06 | Create | Villager (Male) |
| 7:37 | Create | Villager (Male) |
| 7:50 | Create | Villager (Male) |
| 8:11 | Build | Palisade Gate |
| 8:15 | Create | Villager (Male) |
| 8:18 | Create | Villager (Male) |
| 8:21 | Research | Loom |
| 8:22 | Create | Villager (Male) |
| 8:33 | Build | Palisade Gate |
| 8:35 | Create | Villager (Male) |
| 8:43 | Build | House |
| 8:53 | Build | Mill |
| 9:20 | Build | House |
| 9:56 | Create | Villager (Male) |
| 10:19 | Create | Villager (Male) |
| 10:21 | Research | Feudal Age |
| 10:38 | Build | Mining Camp |
| 11:20 | Build | Palisade Wall |
| 11:21 | Build | Palisade Wall |
| 11:21 | Build | Palisade Wall |
| 11:22 | Build | Palisade Wall |
| 11:26 | Build | Palisade Wall |
| 11:27 | Build | Palisade Wall |
| 11:27 | Build | Palisade Wall |
| 11:33 | Build | Palisade Wall |
| 11:36 | Build | Palisade Wall |
| 11:37 | Build | Palisade Wall |
| 11:37 | Build | Palisade Wall |
| 11:38 | Build | Palisade Wall |
| 11:47 | Build | Palisade Wall |
| 11:49 | Build | Palisade Wall |
| 11:51 | Build | Palisade Wall |
| 11:54 | Build | Palisade Wall |
| 12:28 | Create | Villager (Male) |
| 12:29 | Create | Villager (Male) |
| 12:56 | Age | Feudal Age |
| 12:58 | Build | Market |
| 12:59 | Build | Blacksmith |
| 13:01 | Build | House |
| 13:13 | Build | Palisade Wall |
| 13:51 | Build | House |
| 13:57 | Research | Castle Age |
| 14:27 | Build | Palisade Wall |
| 14:58 | Build | Outpost |
| 14:59 | Build | Outpost |
| 15:05 | Build | Outpost |
| 15:08 | Research | Double-Bit Axe |
| 15:57 | Create | Villager (Male) |
| 16:37 | Age | Castle Age |
| 16:39 | Create | Villager (Male) |
| 16:41 | Research | Town Watch |
| 16:42 | Research | Town Watch |
| 16:44 | Build | Outpost |
| 17:00 | Build | Town Center |
| 17:01 | Create | Villager (Male) |
| 17:36 | Build | Castle |
| 17:39 | Build | House |
| 17:56 | Create | Villager (Male) |
| 17:56 | Create | Villager (Male) |
| 18:29 | Build | Mill |
| 18:35 | Create | Villager (Male) |
| 18:48 | Build | Mill |
| 18:58 | Create | Hussite Wagon |
| 18:59 | Create | Hussite Wagon |
| 18:59 | Create | Hussite Wagon |
| 19:03 | Create | Villager (Male) |
| 19:03 | Create | Hussite Wagon |
| 19:04 | Create | Hussite Wagon |
| 19:32 | Create | Villager (Male) |
| 19:49 | Create | Villager (Male) |
| 19:56 | Build | Outpost |
| 20:07 | Create | Villager (Male) |
| 20:12 | Create | Villager (Male) |
| 20:18 | Create | Villager (Male) |
| 20:20 | Create | Hussite Wagon |
| 20:46 | Create | Villager (Male) |
| 20:58 | Create | Villager (Male) |
| 21:12 | Create | Hussite Wagon |
| 21:13 | Create | Villager (Male) |
| 21:15 | Create | Villager (Male) |
| 21:25 | Create | Villager (Male) |
| 21:29 | Create | Villager (Male) |
| 21:43 | Create | Hussite Wagon |
| 21:44 | Create | Hussite Wagon |
| 21:53 | Create | Villager (Male) |
| 22:14 | Create | Hussite Wagon |
| 22:15 | Create | Villager (Male) |
| 22:17 | Create | Villager (Male) |
| 22:24 | Create | Villager (Male) |
| 22:46 | Create | Villager (Male) |
| 22:47 | Create | Hussite Wagon |
| 23:02 | Build | Town Center |
| 23:11 | Create | Villager (Male) |
| 23:15 | Create | Hussite Wagon |
| 23:19 | Create | Hussite Wagon |
| 23:29 | Create | Villager (Male) |
| 23:47 | Create | Hussite Wagon |
| 23:55 | Create | Villager (Male) |
| 24:20 | Create | Hussite Wagon |
| 24:27 | Create | Hussite Wagon |
| 24:34 | Create | Villager (Male) |
| 24:36 | Create | Villager (Male) |
| 24:36 | Create | Villager (Male) |
| 24:37 | Create | Villager (Male) |
| 24:49 | Create | Villager (Male) |
| 24:49 | Create | Villager (Male) |
| 24:57 | Create | Hussite Wagon |
| 25:14 | Create | Villager (Male) |
| 25:35 | Create | Hussite Wagon |
| 25:40 | Create | Villager (Male) |
| 25:44 | Create | Villager (Male) |
| 25:44 | Create | Villager (Male) |
| 25:46 | Build | Town Center |
| 25:51 | Create | Hussite Wagon |
| 25:56 | Build | House |
| 26:07 | Create | Villager (Male) |
| 26:14 | Create | Hussite Wagon |
| 26:21 | Create | Villager (Male) |
| 26:49 | Create | Villager (Male) |
| 26:54 | Create | Villager (Male) |
| 26:56 | Create | Villager (Male) |
| 27:00 | Build | Town Center |
| 27:01 | Create | Villager (Male) |
| 27:11 | Research | Wheelbarrow |
| 27:12 | Research | Wheelbarrow |
| 27:12 | Research | Fletching |
Build order — __72_KaN_Arg
First 150 of 153 actions detected
| 0:10 | Build | Town Center |
| 1:54 | Build | House |
| 2:22 | Build | House |
| 2:33 | Create | Villager (Male) |
| 2:33 | Create | Villager (Male) |
| 2:33 | Create | Villager (Male) |
| 2:42 | Build | House |
| 2:43 | Create | Villager (Male) |
| 2:43 | Create | Villager (Male) |
| 2:48 | Build | House |
| 3:45 | Build | Palisade Wall |
| 3:46 | Build | Palisade Wall |
| 3:47 | Build | Palisade Wall |
| 3:50 | Build | Palisade Wall |
| 3:56 | Build | Palisade Wall |
| 3:57 | Build | Palisade Wall |
| 4:00 | Build | Palisade Wall |
| 4:06 | Create | Villager (Male) |
| 4:06 | Create | Villager (Male) |
| 4:09 | Create | Villager (Male) |
| 4:09 | Create | Villager (Male) |
| 4:39 | Create | Villager (Male) |
| 4:40 | Create | Villager (Male) |
| 4:59 | Build | Lumber Camp |
| 5:10 | Create | Villager (Male) |
| 5:11 | Create | Villager (Male) |
| 5:15 | Create | Villager (Male) |
| 5:16 | Create | Villager (Male) |
| 5:54 | Create | Villager (Male) |
| 5:55 | Create | Villager (Male) |
| 5:55 | Create | Villager (Male) |
| 5:55 | Create | Villager (Male) |
| 6:12 | Build | House |
| 6:37 | Create | Villager (Male) |
| 6:37 | Create | Villager (Male) |
| 6:37 | Create | Villager (Male) |
| 6:38 | Create | Villager (Male) |
| 6:58 | Build | Palisade Gate |
| 7:18 | Build | House |
| 7:25 | Build | Mill |
| 7:31 | Build | Palisade Wall |
| 7:35 | Create | Villager (Male) |
| 7:35 | Create | Villager (Male) |
| 7:42 | Build | House |
| 7:59 | Create | Villager (Male) |
| 7:59 | Create | Villager (Male) |
| 9:08 | Build | House |
| 9:37 | Create | Villager (Male) |
| 10:02 | Build | Mining Camp |
| 10:02 | Create | Villager (Male) |
| 10:29 | Research | Feudal Age |
| 11:54 | Research | Loom |
| 12:39 | Age | Feudal Age |
| 12:43 | Build | Archery Range |
| 12:48 | Build | Archery Range |
| 12:52 | Create | Villager (Male) |
| 13:24 | Create | Villager (Male) |
| 13:51 | Create | Archer |
| 13:51 | Create | Archer |
| 14:46 | Create | Archer |
| 14:47 | Create | Archer |
| 14:59 | Build | House |
| 15:10 | Build | Palisade Wall |
| 15:11 | Build | Palisade Wall |
| 15:16 | Build | House |
| 15:42 | Research | Castle Age |
| 15:42 | Research | Castle Age |
| 15:42 | Research | Castle Age |
| 15:54 | Create | Skirmisher |
| 15:55 | Create | Skirmisher |
| 16:07 | Create | Villager (Male) |
| 16:17 | Create | Skirmisher |
| 16:19 | Create | Skirmisher |
| 17:06 | Create | Skirmisher |
| 17:07 | Create | Skirmisher |
| 17:14 | Build | Mining Camp |
| 17:35 | Build | Watch Tower |
| 18:22 | Age | Castle Age |
| 18:24 | Build | Palisade Wall |
| 18:32 | Create | Villager (Male) |
| 18:44 | Create | Villager (Male) |
| 18:51 | Build | Palisade Wall |
| 18:57 | Build | Blacksmith |
| 19:03 | Create | Archer |
| 19:04 | Create | Archer |
| 19:13 | Research | Crossbowman (upgrade) |
| 19:15 | Create | Villager (Male) |
| 19:42 | Research | Fletching |
| 19:43 | Create | Villager (Male) |
| 19:45 | Create | Archer |
| 19:46 | Create | Archer |
| 19:46 | Create | Archer |
| 20:17 | Build | House |
| 20:25 | Create | Villager (Male) |
| 20:29 | Create | Archer |
| 20:37 | Build | House |
| 20:40 | Create | Villager (Male) |
| 20:47 | Create | Villager (Male) ×2 |
| 20:51 | Create | Archer |
| 20:51 | Create | Archer |
| 20:51 | Create | Archer |
| 21:15 | Create | Villager (Male) |
| 21:34 | Create | Villager (Male) |
| 21:42 | Build | Farm |
| 21:43 | Build | Farm |
| 22:00 | Build | Farm |
| 22:20 | Research | Bodkin Arrow |
| 22:20 | Research | Bodkin Arrow |
| 22:21 | Research | Bodkin Arrow |
| 22:33 | Create | Villager (Male) |
| 22:33 | Create | Villager (Male) |
| 22:33 | Create | Villager (Male) |
| 23:09 | Create | Villager (Male) |
| 23:10 | Create | Archer ×3 |
| 23:12 | Build | House |
| 23:44 | Create | Archer |
| 23:45 | Create | Archer |
| 23:45 | Create | Villager (Male) |
| 23:55 | Build | Mill |
| 24:06 | Build | Mill |
| 24:10 | Create | Archer |
| 24:10 | Create | Archer ×2 |
| 24:11 | Create | Villager (Male) |
| 25:01 | Create | Archer |
| 25:01 | Create | Archer |
| 25:05 | Research | Padded Archer Armor |
| 25:07 | Create | Villager (Male) |
| 25:08 | Create | Villager (Male) |
| 25:16 | Create | Villager (Male) |
| 25:36 | Create | Villager (Male) |
| 25:51 | Create | Villager (Male) |
| 26:35 | Create | Villager (Male) |
| 26:41 | Build | Town Center |
| 27:25 | Create | Villager (Male) |
| 27:46 | Create | Archer ×4 |
| 27:57 | Build | Farm |
| 27:59 | Build | Farm |
| 28:12 | Create | Villager (Male) |
| 28:18 | Build | Outpost |
| 28:37 | Create | Villager (Male) |
| 29:19 | Create | Villager (Male) |
| 29:19 | Create | Villager (Male) |
| 29:20 | Create | Villager (Male) |
| 29:27 | Build | Town Center |
| 29:34 | Create | Villager (Male) |
| 29:36 | Create | Villager (Male) |
| 29:44 | Create | Archer |
| 29:44 | Create | Archer |
| 29:50 | Build | House |
| 30:10 | Create | Villager (Male) |
Build order — Sekov
First 150 of 202 actions detected
| 0:06 | Build | Town Center |
| 2:22 | Create | Villager (Male) |
| 2:23 | Create | Villager (Male) |
| 2:23 | Create | Villager (Male) |
| 2:24 | Create | Villager (Male) |
| 2:59 | Build | House |
| 3:02 | Research | Loom |
| 3:02 | Research | Loom |
| 3:32 | Create | Villager (Male) |
| 3:40 | Create | Villager (Male) |
| 3:40 | Create | Villager (Male) |
| 4:24 | Create | Villager (Male) |
| 4:32 | Build | House |
| 4:52 | Build | Lumber Camp |
| 4:56 | Build | Lumber Camp |
| 5:16 | Create | Villager (Male) |
| 5:37 | Create | Villager (Male) |
| 6:01 | Create | Villager (Male) |
| 6:23 | Create | Villager (Male) |
| 6:45 | Build | House |
| 6:49 | Create | Villager (Male) |
| 7:11 | Build | Mill |
| 7:19 | Create | Villager (Male) |
| 7:48 | Create | Villager (Male) |
| 8:08 | Create | Villager (Male) |
| 8:50 | Create | Villager (Male) |
| 9:16 | Create | Villager (Male) |
| 9:42 | Research | Feudal Age |
| 9:43 | Research | Feudal Age |
| 9:54 | Build | Barracks |
| 10:57 | Build | House |
| 11:26 | Build | House |
| 11:43 | Create | Villager (Male) |
| 11:43 | Create | Villager (Male) |
| 11:52 | Age | Feudal Age |
| 12:04 | Build | Stable |
| 12:10 | Research | Double-Bit Axe |
| 12:10 | Research | Double-Bit Axe |
| 12:11 | Research | Horse Collar |
| 12:12 | Research | Horse Collar |
| 12:33 | Create | Villager (Male) |
| 12:47 | Create | Scout Cavalry |
| 12:47 | Create | Scout Cavalry |
| 12:51 | Create | Spearman |
| 13:05 | Create | Villager (Male) |
| 13:14 | Create | Scout Cavalry |
| 13:35 | Create | Villager (Male) |
| 13:36 | Create | Scout Cavalry |
| 13:44 | Create | Villager (Male) |
| 13:53 | Create | Scout Cavalry |
| 14:01 | Build | Farm |
| 14:03 | Build | Farm |
| 14:12 | Create | Villager (Male) |
| 14:17 | Build | Farm |
| 14:20 | Build | Farm |
| 14:42 | Create | Villager (Male) |
| 14:56 | Create | Villager (Male) |
| 15:16 | Create | Villager (Male) |
| 15:23 | Build | Farm |
| 15:41 | Create | Villager (Male) |
| 15:45 | Create | Scout Cavalry |
| 16:10 | Create | Villager (Male) |
| 16:13 | Create | Scout Cavalry |
| 16:38 | Build | Farm |
| 16:39 | Build | Farm |
| 16:53 | Create | Villager (Male) |
| 17:21 | Build | House |
| 17:23 | Research | Wheelbarrow |
| 17:24 | Research | Wheelbarrow |
| 17:43 | Build | Mining Camp |
| 17:49 | Build | Farm |
| 17:54 | Build | Mining Camp |
| 17:58 | Build | Lumber Camp |
| 18:00 | Create | Villager (Male) |
| 18:16 | Build | Farm |
| 18:17 | Build | Farm |
| 18:39 | Build | Farm |
| 18:39 | Create | Villager (Male) |
| 19:36 | Create | Villager (Male) |
| 19:44 | Build | Market |
| 20:08 | Create | Villager (Male) |
| 20:37 | Create | Villager (Male) |
| 20:46 | Research | Castle Age |
| 20:46 | Research | Castle Age |
| 21:14 | Build | Stable |
| 21:36 | Build | House |
| 21:49 | Build | Blacksmith |
| 22:37 | Research | Scale Barding Armor |
| 22:38 | Research | Scale Barding Armor |
| 22:49 | Research | Forging |
| 22:49 | Research | Forging |
| 23:11 | Build | Mill |
| 23:42 | Age | Castle Age |
| 23:44 | Build | Castle |
| 23:46 | Create | Knight |
| 23:46 | Create | Knight |
| 23:46 | Create | Knight |
| 23:48 | Create | Villager (Male) |
| 23:52 | Research | Bow Saw |
| 23:53 | Research | Bow Saw |
| 23:53 | Research | Heavy Plow |
| 23:54 | Research | Heavy Plow |
| 23:57 | Create | Villager (Male) |
| 24:09 | Research | Chain Barding Armor |
| 24:09 | Research | Chain Barding Armor |
| 24:10 | Create | Knight |
| 24:11 | Create | Knight |
| 24:11 | Create | Knight |
| 24:47 | Create | Knight |
| 24:47 | Create | Knight |
| 24:57 | Create | Villager (Male) |
| 24:58 | Create | Villager (Male) |
| 25:21 | Build | Mining Camp |
| 25:28 | Build | Town Center |
| 25:34 | Create | Villager (Male) |
| 25:35 | Create | Villager (Male) |
| 25:36 | Create | Knight |
| 25:36 | Create | Knight |
| 25:40 | Build | Farm |
| 25:49 | Build | Farm |
| 25:55 | Create | Knight |
| 25:55 | Create | Knight |
| 25:56 | Research | Husbandry |
| 25:57 | Research | Husbandry |
| 26:20 | Build | Farm |
| 26:20 | Create | Villager (Male) |
| 26:24 | Create | Villager (Male) |
| 26:25 | Create | Villager (Male) |
| 26:52 | Create | Knight |
| 26:52 | Create | Knight |
| 26:59 | Create | Villager (Male) |
| 27:00 | Create | Villager (Male) |
| 27:10 | Create | Villager (Male) |
| 27:10 | Create | Villager (Male) |
| 27:17 | Build | Town Center |
| 27:23 | Build | Farm |
| 28:06 | Create | Villager (Male) |
| 28:06 | Create | Villager (Male) |
| 28:07 | Create | Villager (Male) |
| 28:07 | Create | Villager (Male) |
| 28:12 | Create | Knight |
| 28:13 | Create | Knight |
| 28:13 | Create | Knight |
| 28:27 | Build | Farm |
| 28:28 | Build | Farm |
| 28:29 | Build | Farm |
| 28:29 | Create | Villager (Male) |
| 28:30 | Create | Villager (Male) |
| 28:48 | Build | Farm |
| 28:50 | Build | Farm |
Build order — [CL] Inkisidor_
First 150 of 197 actions detected
| 0:17 | Build | Town Center |
| 2:40 | Create | Villager (Male) |
| 2:45 | Create | Villager (Male) |
| 2:50 | Create | Villager (Male) |
| 2:59 | Create | Villager (Male) |
| 3:12 | Build | House |
| 3:16 | Research | Loom |
| 3:41 | Create | Villager (Male) |
| 3:46 | Create | Villager (Male) |
| 3:55 | Create | Villager (Male) |
| 4:41 | Create | Villager (Male) |
| 4:51 | Build | Settlement |
| 5:09 | Create | Villager (Male) |
| 5:19 | Create | Villager (Male) |
| 5:37 | Build | House |
| 5:45 | Create | Villager (Male) |
| 5:50 | Create | Villager (Male) |
| 6:13 | Create | Villager (Male) |
| 7:07 | Create | Villager (Male) |
| 7:16 | Create | Villager (Male) |
| 7:24 | Build | Settlement |
| 7:45 | Create | Villager (Male) |
| 7:50 | Build | House |
| 7:55 | Create | Villager (Male) |
| 8:03 | Build | House |
| 8:08 | Build | House |
| 8:15 | Create | Villager (Male) |
| 8:23 | Create | Villager (Male) |
| 8:36 | Create | Villager (Male) |
| 9:28 | Build | House |
| 9:36 | Create | Villager (Male) |
| 10:06 | Create | Villager (Male) |
| 10:30 | Create | Villager (Male) |
| 10:43 | Research | Feudal Age |
| 12:10 | Create | Villager (Male) |
| 12:11 | Create | Villager (Male) |
| 12:38 | Build | House |
| 13:00 | Create | Villager (Male) |
| 13:10 | Age | Feudal Age |
| 13:17 | Build | Market |
| 13:19 | Build | Blacksmith |
| 13:27 | Build | House |
| 13:36 | Create | Villager (Male) |
| 13:39 | Build | House |
| 13:46 | Create | Villager (Male) |
| 13:49 | Build | House |
| 13:59 | Create | Villager (Male) |
| 14:24 | Research | Castle Age |
| 14:24 | Research | Castle Age |
| 15:23 | Research | Double-Bit Axe |
| 15:23 | Research | Horse Collar |
| 15:23 | Research | Horse Collar |
| 15:44 | Build | Palisade Gate |
| 15:50 | Build | House |
| 15:59 | Build | Palisade Gate |
| 16:01 | Build | Palisade Wall |
| 16:57 | Build | Settlement |
| 16:59 | Create | Villager (Male) |
| 17:05 | Age | Castle Age |
| 17:08 | Build | Castle |
| 17:11 | Create | Villager (Male) |
| 17:19 | Create | Villager (Male) |
| 17:25 | Research | Scale Mail Armor |
| 17:25 | Research | Forging |
| 17:25 | Research | Forging |
| 17:46 | Build | Watch Tower |
| 17:50 | Build | Watch Tower |
| 17:51 | Create | Villager (Male) |
| 17:53 | Create | Villager (Male) |
| 17:57 | Create | Villager (Male) |
| 18:04 | Create | Villager (Male) |
| 18:16 | Create | Villager (Male) |
| 18:46 | Create | Kamayuk |
| 18:46 | Create | Kamayuk |
| 18:47 | Create | Kamayuk |
| 18:52 | Create | Kamayuk |
| 18:52 | Create | Kamayuk |
| 18:53 | Create | Kamayuk |
| 18:53 | Create | Kamayuk |
| 18:54 | Create | Villager (Male) |
| 19:07 | Create | Kamayuk |
| 19:07 | Create | Kamayuk |
| 19:07 | Create | Kamayuk |
| 19:08 | Create | Villager (Male) |
| 19:19 | Create | Villager (Male) |
| 19:27 | Create | Kamayuk |
| 19:27 | Create | Kamayuk |
| 19:41 | Create | Kamayuk |
| 19:41 | Create | Kamayuk |
| 19:41 | Create | Kamayuk |
| 19:47 | Create | Villager (Male) |
| 19:57 | Build | Farm |
| 19:59 | Build | Farm |
| 20:35 | Create | Villager (Male) |
| 20:49 | Create | Villager (Male) |
| 20:55 | Create | Villager (Male) |
| 21:23 | Build | Settlement |
| 21:32 | Create | Kamayuk |
| 21:33 | Create | Kamayuk |
| 21:33 | Create | Kamayuk |
| 21:47 | Create | Kamayuk |
| 21:48 | Create | Kamayuk |
| 21:52 | Build | Farm |
| 21:54 | Build | Farm |
| 21:55 | Build | Farm |
| 22:04 | Create | Villager (Male) |
| 22:25 | Build | Farm |
| 22:40 | Create | Villager (Male) |
| 22:42 | Create | Villager (Male) |
| 22:42 | Create | Villager (Male) |
| 22:46 | Create | Kamayuk |
| 22:49 | Create | Villager (Male) |
| 22:51 | Build | Farm |
| 22:55 | Build | Farm |
| 23:09 | Create | Kamayuk |
| 23:09 | Create | Kamayuk |
| 23:09 | Create | Kamayuk |
| 23:20 | Create | Villager (Male) |
| 23:25 | Build | Farm |
| 23:25 | Create | Villager (Male) |
| 23:35 | Create | Villager (Male) |
| 23:40 | Create | Villager (Male) |
| 23:53 | Build | Settlement |
| 24:02 | Create | Villager (Male) |
| 24:05 | Build | Farm |
| 24:07 | Research | Bow Saw |
| 24:08 | Research | Heavy Plow |
| 24:27 | Create | Villager (Male) |
| 24:28 | Create | Kamayuk |
| 24:28 | Create | Kamayuk |
| 24:31 | Create | Kamayuk |
| 24:32 | Create | Kamayuk |
| 24:43 | Create | Villager (Male) |
| 24:51 | Create | Villager (Male) |
| 24:55 | Build | Farm |
| 24:55 | Build | Farm |
| 24:57 | Build | Farm |
| 24:58 | Build | Farm |
| 25:02 | Create | Villager (Male) |
| 25:12 | Create | Villager (Male) |
| 25:21 | Create | Villager (Male) |
| 25:23 | Create | Kamayuk |
| 25:27 | Create | Kamayuk |
| 25:36 | Create | Villager (Male) |
| 25:40 | Create | Villager (Male) |
| 25:44 | Build | Siege Workshop |
| 25:53 | Create | Villager (Male) |
| 25:54 | Create | Kamayuk |
| 25:54 | Create | Kamayuk |
| 25:54 | Create | Kamayuk |
Match timeline
| 1:14 | Kant be real · wall_segment Palisade Wall x1 |
| 1:18 | Kant be real · wall_segment Palisade Wall x1 |
| 1:19 | Kant be real · wall_segment Palisade Wall x1 |
| 1:20 | Kant be real · wall_segment Palisade Wall x1 |
| 3:39 | watoncito · wall_segment Palisade Wall x1 |
| 3:43 | watoncito · wall_segment Palisade Wall x1 |
| 3:45 | __72_KaN_Arg · wall_segment Palisade Wall x1 |
| 3:46 | __72_KaN_Arg · wall_segment Palisade Wall x1 |
| 3:47 | __72_KaN_Arg · wall_segment Palisade Wall x1 |
| 3:50 | __72_KaN_Arg · wall_segment Palisade Wall x1 |
| 3:56 | __72_KaN_Arg · wall_segment Palisade Wall x1 |
| 3:57 | __72_KaN_Arg · wall_segment Palisade Wall x1 |
| 4:00 | __72_KaN_Arg · wall_segment Palisade Wall x1 |
| 4:52 | watoncito · wall_segment Palisade Wall x1 |
| 5:19 | watoncito · wall_segment Palisade Wall x1 |
| 5:23 | watoncito · wall_segment Palisade Wall x1 |
| 5:54 | watoncito · wall_segment Palisade Wall x1 |
| 5:58 | watoncito · wall_segment Palisade Wall x1 |
| 7:06 | Kant be real · wall_segment Palisade Wall x1 |
| 7:15 | Kant be real · wall_segment Palisade Wall x1 |
| 7:31 | __72_KaN_Arg · wall_segment Palisade Wall x1 |
| 7:42 | watoncito · wall_segment Palisade Wall x1 |
| 9:35 | Kant be real · wall_segment Palisade Wall x5 |
| 9:54 | Sekov · first_building Barracks |
| 9:58 | MrLokura · wall_segment Palisade Wall x1 |
| 10:11 | Kant be real · wall_segment Palisade Wall x8 |
| 10:53 | Kant be real · first_building Barracks |
| 11:01 | [CL] Sebag · wall_segment Palisade Wall x1 |
| 11:03 | [CL] Sebag · wall_segment Palisade Wall x1 |
| 11:08 | [CL] Sebag · wall_segment Palisade Wall x1 |
| 11:17 | MrLokura · age_up feudal |
| 11:20 | [SotC] Frank Castle · wall_segment Palisade Wall x1 |
| 11:21 | [SotC] Frank Castle · wall_segment Palisade Wall x1 |
| 11:21 | [SotC] Frank Castle · wall_segment Palisade Wall x1 |
| 11:22 | [SotC] Frank Castle · wall_segment Palisade Wall x1 |
| 11:26 | [SotC] Frank Castle · wall_segment Palisade Wall x1 |
| 11:27 | [SotC] Frank Castle · wall_segment Palisade Wall x1 |
| 11:27 | [SotC] Frank Castle · wall_segment Palisade Wall x1 |
| 11:28 | MrLokura · first_building Barracks |
| 11:33 | [SotC] Frank Castle · wall_segment Palisade Wall x1 |
| 11:36 | [SotC] Frank Castle · wall_segment Palisade Wall x1 |
| 11:37 | [SotC] Frank Castle · wall_segment Palisade Wall x1 |
| 11:37 | [SotC] Frank Castle · wall_segment Palisade Wall x1 |
| 11:38 | [SotC] Frank Castle · wall_segment Palisade Wall x1 |
| 11:47 | [SotC] Frank Castle · wall_segment Palisade Wall x1 |
| 11:49 | [SotC] Frank Castle · wall_segment Palisade Wall x1 |
| 11:51 | [SotC] Frank Castle · wall_segment Palisade Wall x1 |
| 11:52 | Sekov · age_up feudal |
| 11:54 | [SotC] Frank Castle · wall_segment Palisade Wall x1 |
| 12:04 | Sekov · first_building Stable |
| 12:14 | watoncito · age_up feudal |
| 12:28 | MrLokura · first_building Stable |
| 12:31 | Kant be real · age_up feudal |
| 12:32 | Kant be real · first_building Archery Range |
| 12:33 | [CL] Sebag · age_up feudal |
| 12:39 | __72_KaN_Arg · age_up feudal |
| 12:43 | __72_KaN_Arg · first_building Archery Range |
| 12:56 | [SotC] Frank Castle · age_up feudal |
| 13:10 | [CL] Inkisidor_ · age_up feudal |
| 13:13 | [SotC] Frank Castle · wall_segment Palisade Wall x16 |
| 14:21 | [CL] Inkisidor_ · first_market_sell 100 food |
| 14:27 | [SotC] Frank Castle · wall_segment Palisade Wall x12 |
| 15:08 | [CL] Sebag · wall_segment Palisade Wall x6 |
| 15:10 | __72_KaN_Arg · wall_segment Palisade Wall x1 |
| 15:11 | __72_KaN_Arg · wall_segment Palisade Wall x1 |
| 15:13 | MrLokura · wall_segment Palisade Wall x1 |
| 15:16 | MrLokura · wall_segment Palisade Wall x1 |
| 15:17 | MrLokura · wall_segment Palisade Wall x1 |
| 15:20 | MrLokura · wall_segment Palisade Wall x1 |
| 15:22 | MrLokura · wall_segment Palisade Wall x1 |
| 16:01 | [CL] Inkisidor_ · wall_segment Palisade Wall x1 |
| 16:16 | watoncito · wall_segment Palisade Wall x22 |
| 16:18 | MrLokura · wall_segment Palisade Wall x1 |
| 16:19 | MrLokura · wall_segment Palisade Wall x1 |
| 16:22 | MrLokura · wall_segment Palisade Wall x1 |
| 16:23 | MrLokura · wall_segment Palisade Wall x1 |
| 16:26 | [CL] Sebag · age_up castle |
| 16:37 | watoncito · wall_segment Palisade Wall x6 |
| 16:37 | [SotC] Frank Castle · age_up castle |
| 16:56 | [CL] Sebag · wall_segment Palisade Wall x3 |
| 17:05 | [CL] Inkisidor_ · age_up castle |
| 17:08 | [CL] Inkisidor_ · first_building Castle |
| 17:36 | [SotC] Frank Castle · first_building Castle |
| 17:43 | Kant be real · first_market_sell 100 wood |
| 17:46 | MrLokura · age_up castle |
| 18:18 | [SotC] Frank Castle · first_market_sell 100 wood |
| 18:22 | watoncito · first_market_sell 100 wood |
| 18:22 | __72_KaN_Arg · age_up castle |
| 18:24 | __72_KaN_Arg · wall_segment Palisade Wall x2 |
| 18:51 | __72_KaN_Arg · wall_segment Palisade Wall x1 |
| 18:57 | watoncito · first_building Siege Workshop |
| 19:40 | watoncito · wall_segment Palisade Wall x10 |
| 20:44 | Sekov · first_market_sell 100 food |
| 21:03 | Kant be real · wall_segment Stone Wall x2 |
| 21:10 | watoncito · age_up castle |
| 21:16 | Kant be real · wall_segment Stone Wall x6 |
| 21:30 | Kant be real · age_up castle |
| 22:02 | Kant be real · wall_segment Stone Wall x1 |
| 22:26 | Kant be real · first_market_buy 100 wood |
| 22:32 | [SotC] Frank Castle · first_market_buy 100 wood |
| 23:28 | [CL] Sebag · first_building Monastery |
| 23:38 | [CL] Inkisidor_ · first_market_buy 100 wood |
| 23:42 | Sekov · age_up castle |
| 23:44 | Sekov · first_building Castle |
| 24:29 | [CL] Sebag · first_building Castle |
| 25:44 | [CL] Inkisidor_ · first_building Siege Workshop |
| 26:09 | [CL] Sebag · first_market_buy 100 wood |
| 26:22 | [CL] Sebag · first_building Barracks |
| 27:27 | [CL] Inkisidor_ · first_building Barracks |
| 28:27 | MrLokura · first_building Monastery |
| 28:34 | [CL] Sebag · age_up imperial |
| 28:42 | [CL] Sebag · first_market_sell 100 food |
| 28:58 | [SotC] Frank Castle · first_building Barracks |
| 29:21 | [SotC] Frank Castle · first_building Monastery |
| 29:56 | MrLokura · first_building Castle |
| 29:59 | watoncito · resign |
| 31:09 | MrLokura · first_market_sell 100 wood |
[ AI ANALYSIS · 1 CREDIT ]
What really happened in this match?
Wolo.gg analyzes every decision: build order, eco, micro, common mistakes by bracket. Personalized analysis on WhatsApp or Discord in 30 seconds.
Civ guide
Slavs
Perfil
Jugador #2283399